 Dungeon Crawl Stone Soup version bcrawl-1.20 (webtiles) character file.

Game seed: 16557495297718971335

429 Mrkan the Cudgeler (level 6, 0/55 HPs)
             Began as a Minotaur Fighter on Jan 21, 2020.
             Killed by divine providence
             ... invoked by an orc priest
              (13 damage)
             ... on level 4 of the Dungeon.
             The game lasted 00:04:44 (3140 turns).

Mrkan the Cudgeler (Minotaur Fighter)               Turns: 3140, Time: 00:04:45

Health: 0/55       AC:  8    Str: 20    XL:     6   Next: 66%
Magic:  0/5        EV:  9    Int:  5    God:
Gold:   212        SH: 10    Dex: 12    Spells: 5/5 levels left

rFire    . . .     SeeInvis .   a - +0 flail
rCold    + . .     Gourm    .   c - +0 shield
rNeg     . . .     Faith    .   b - +0 scale mail
rPois    .         Spirit   +   (helmet restricted)
rElec    .         Reflect  .   (no cloak)
rCorr    .         Harm     .   (no gloves)
MR       .....                  u - +0 pair of boots
Stlth    ..........             q - amulet of guardian spirit
HPRegen  0.18/turn              m - ring of protection from cold
MPRegen  0.09/turn              (no ring)

@: no status effects
A: retaliatory headbutt, horns 2
a: no special abilities


You were on level 4 of the Dungeon.
You were not hungry.

You visited 1 branch of the dungeon, and saw 4 of its levels.

You collected 212 gold pieces.

Inventory:

Hand Weapons
 a - a +0 flail (weapon)
Armour
 b - a +0 scale mail (worn)
 c - a +0 shield (worn)
 p - a +0 large shield
 u - a +0 pair of boots (worn)
Jewellery
 m - a ring of protection from cold (left hand)
 q - an amulet of guardian spirit (around neck)
 s - an uncursed ring of see invisible {unknown}
 v - a cursed -2 ring of dexterity {unknown}
 y - a +4 ring of intelligence {unknown}
Scrolls
 d - a scroll of immolation {unknown}
 g - 3 scrolls of identify {unknown}
 k - 5 scrolls of remove curse {unknown}
 n - a scroll of noise {unknown}
 o - a scroll of fear {unknown}
 r - a scroll of amnesia {unknown}
 t - a scroll of fog {unknown}
 x - 2 scrolls of enchant armour {unknown}
Potions
 f - a potion of cancellation {unknown}
 h - a potion of heal wounds {unknown}
 i - a potion of lignification {unknown}
 j - 2 potions of curing
 l - a potion of resistance {unknown}
Comestibles
 e - 9 rations {!d}
 w - 2 chunks of flesh


   Skills:
 + Level 4.9 Fighting
 * Level 5.3 Maces & Flails
 + Level 5.0 Armour
 + Level 2.7 Dodging
 + Level 4.9 Shields


You had 5 spell levels left.
You didn't know any spells.
Your spell library was empty.

Dungeon Overview and Level Annotations

Branches:
Dungeon (4/12)
 Temple: D:4-7

Altars:


Innate Abilities, Weirdness & Mutations

You reflexively headbutt those who attack you in melee.
You have a pair of horns on your head.


Message History

You kill the orc!
The orc priest invokes the aid of Beogh against you.
Beogh smites you!
The orc wizard begins to cast a cantrip, but forgets the words!
The orc hits you but does no damage. The orc priest hits you with a +0 whip.
Things that are here:
a +0 club; an orc corpse The orc priest calls down the wrath of Beogh upon you.
Beogh smites you!
You open the door. You block the orc's attack.
The orc priest calls down the wrath of Beogh upon you.
Beogh smites you!
* * * LOW HITPOINT WARNING * * *
The orc wizard gestures at you while chanting.
You block the puff of flame.
There is an open door here.
You feel better.
The orc priest invokes the aid of Beogh against you.
Beogh smites you!
You die...

#.######.########
#........##
##.......#####
+.......'...#
##.......###.#
##.......)..#.#
#....######.#.#
#....######.#.######.#
#....o@....>..........
#..)o######.#.######.#
#(.oo.# #..<#.....(..#
#.........#...........
...###.##..#.##........
.... .#...#.##.#######
...... .#. #.##.#
...... .#. #.##.# .....
#....#


You could see an orc priest, an orc wizard and an orc.

Vanquished Creatures
  Sigmund (D:3)
  Ijyb (D:3)
  Natasha (thrice) (D:3)
  Robin (D:3)
  A river rat (D:3)
  4 adders
  7 worms
  A dart slug (D:1)
  5 leopard geckos
  2 orcs (D:4)
  4 giant cockroaches
  10 goblins
  16 hobgoblins
  3 jackals (D:2)
  2 quokkas
  4 bats
  6 frilled lizards
  7 kobolds
  A quokka skeleton (D:2)
  5 rats
84 creatures vanquished.

Notes
Turn   | Place    | Note
-------+----------+-------------------------------------------
     0 | D:1      | Mrkan the Minotaur Fighter began the quest for the Orb.
     0 | D:1      | Reached XP level 1. HP: 19/19 MP: 0/0
   113 | D:1      | Reached XP level 2. HP: 27/27 MP: 1/1
   283 | D:1      | Reached skill level 1 in Dodging
   289 | D:1      | Reached XP level 3. HP: 30/33 MP: 2/2
  1457 | D:2      | Found a faded altar of an unknown god.
  1460 | D:2      | Reached XP level 4. HP: 39/40 MP: 3/3
  1812 | D:3      | Noticed Robin
  1832 | D:3      | Killed Robin
  2242 | D:3      | Noticed Natasha
  2266 | D:3      | Killed Natasha
  2266 | D:3      | Reached XP level 5. HP: 43/46 MP: 4/4
  2308 | D:3      | Noticed Natasha
  2315 | D:3      | Killed Natasha
  2358 | D:3      | Noticed Ijyb
  2389 | D:3      | Killed Ijyb
  2831 | D:3      | Noticed Natasha
  2836 | D:3      | Killed Natasha
  2921 | D:3      | Noticed Sigmund
  2927 | D:3      | Killed Sigmund
  2927 | D:3      | Reached skill level 5 in Maces & Flails
  2927 | D:3      | Reached skill level 5 in Armour
  2927 | D:3      | Reached XP level 6. HP: 55/55 MP: 5/5
  3140 | D:4      | Killed from afar by an orc priest

Skill      XL: |  1  2  3  4  5 |
---------------+----------------+-----
Maces & Flails | 3 4 5 |  5.3
Dodging        | 1 2 |  2.7
Armour         | 4 5 |  5.0
Fighting       | 4 |  4.9
Shields        | 4 |  4.9

Action                   |  1- 3 |  4- 6 || total
-------------------------+-------+-------++-------
Melee: Flail             |   129 |   119 ||   248
       Headbutt          |    14 |    21 ||    35
       Unarmed           |       |    11 ||    11
  Use: Potion            |       |     3 ||     3
  Eat: Chunk             |     1 |     7 ||     8
Armor: Scale mail        |    40 |    63 ||   103
       Skin              |       |     2 ||     2
Dodge: Dodged            |    39 |    49 ||    88
Block: Shield            |    79 |    85 ||   164
